 Dungeon Crawl Stone Soup version 0.23.2-33-g5129a83184 (webtiles) character file.

Game seed: 3018706325499305383

157 QuitolisPecata the Shield-Bearer (level 5, -1/47 HPs)
             Began as a Minotaur Fighter on June 30, 2019.
             Slain by an ogre
             ... wielding a +0 giant spiked club
              (3 damage)
             ... on level 4 of the Dungeon on July 19, 2019.
             The game lasted 00:03:28 (1602 turns).

QuitolisPecata the Shield-Bearer (Minotaur Fighter) Turns: 1602, Time: 00:03:28

Health: -1/47      AC: 16    Str: 26    XL:     5   Next: 15%
Magic:  4/4        EV:  5    Int:  6    God:
Gold:   202        SH: 10    Dex:  9    Spells: 4/4 levels left

rFire    . . .     SeeInvis .   a - +0 long sword
rCold    . . .     Gourm    .   c - +0 shield
rNeg     + . .     Faith    +   o - +0 plate armour (curse)
rPois    .         Spirit   .   (helmet restricted)
rElec    .         Reflect  .   h - +0 cloak
rCorr    .         Harm     .   (no gloves)
MR       .....                  q - +2 pair of boots
Stlth    ..........             l - amulet of faith
HPRegen  0.15/turn              v - ring of positive energy
MPRegen  0.09/turn              (no ring)

@: mighty
A: retaliatory headbutt, horns 2
a: no special abilities


You were on level 4 of the Dungeon.
You were hungry.

You visited 1 branch of the dungeon, and saw 4 of its levels.

You collected 202 gold pieces.

Inventory:

Hand Weapons
 a - a +0 long sword (weapon)
Armour
 b - a +0 scale mail
 c - a +0 shield (worn)
 h - a +0 cloak (worn)
 o - a cursed +0 plate armour (worn)
 q - a +2 pair of boots (worn)
Jewellery
 l - an amulet of faith (around neck)
 v - a ring of positive energy (left hand)
Wands
 r - a wand of iceblast (7)
 s - a wand of flame (20)
Scrolls
 g - 2 scrolls of identify {unknown}
 j - a scroll of enchant weapon {unknown}
 k - a scroll of blinking {unknown}
 n - 3 scrolls of random uselessness {unknown}
 p - a scroll of fear {unknown}
 t - a scroll of remove curse {unknown}
 u - a scroll of magic mapping {unknown}
 x - a scroll of amnesia {unknown}
Potions
 d - a potion of might
 e - a potion of agility {unknown}
 i - 2 potions of flight {unknown}
 m - 2 potions of curing {unknown}
 w - a potion of magic {unknown}
Comestibles
 f - 11 rations


   Skills:
 + Level 4.4 Fighting
 + Level 3.6 Long Blades
 + Level 4.5 Armour
 + Level 1.0 Dodging
 + Level 0.2 Stealth
 + Level 5.0 Shields


You had 4 spell levels left.
You didn't know any spells.
Your spell library was empty.

Dungeon Overview and Level Annotations

Branches:
Dungeon (4/15)             Temple (0/1) D:4

Altars:

Shops:
D:4 (


Innate Abilities, Weirdness & Mutations

You reflexively headbutt those who attack you in melee.
You have a pair of horns on your head.


Message History

You are too injured to fight recklessly!
You are too injured to fight recklessly!
You are too injured to fight recklessly!
You are too injured to fight recklessly!
You are too injured to fight recklessly!
You are too injured to fight recklessly!
You are too injured to fight recklessly!
You see here an adder corpse.
Okay, then.
Okay, then.
That item cannot be evoked!
You feel very mighty all of a sudden.
You slash the ogre! Your headbutt misses the ogre.
The ogre is almost dead.
The ogre hits you with a +0 giant spiked club!
* * * LOW HITPOINT WARNING * * *
You completely miss the ogre.
The ogre is almost dead.
The ogre hits you with a +0 giant spiked club.
You die...

..............
..$...........!#
...............#
..............######
..................
.P.P.....<∩....>.
##.##..........<.
..P#..†#P......?....
.....>).O@..........
.#P#..)#P.....#.....
##.##......#.....
#P? .......# ....
#.. ........# .<..
............!#
.##############


You could see an ogre.

Vanquished Creatures
  An orc wizard (D:3)
  4 gnolls (D:4)
  2 adders
  An ooze (D:4)
  A dart slug (D:1)
  A leopard gecko (D:2)
  3 orcs (D:3)
  4 bats
  5 giant cockroaches
  8 goblins
  9 hobgoblins
  3 jackals (D:1)
  10 kobolds
  2 ball pythons
  A frilled lizard (D:3)
  8 rats
63 creatures vanquished.

Notes
Turn   | Place    | Note
-------+----------+-------------------------------------------
     0 | D:1      | QuitolisPecata the Minotaur Fighter began the quest for the
                  | Orb.
     0 | D:1      | Reached XP level 1. HP: 19/19 MP: 0/0
   114 | D:1      | Reached XP level 2. HP: 27/27 MP: 1/1
   436 | D:2      | Reached skill level 4 in Shields
   462 | D:2      | Reached XP level 3. HP: 33/33 MP: 2/2
  1194 | D:3      | Reached skill level 1 in Dodging
  1194 | D:3      | Reached XP level 4. HP: 28/41 MP: 3/3
  1579 | D:4      | Found Muajel's Weapon Boutique.
  1579 | D:4      | Found a staircase to the Ecumenical Temple.
  1589 | D:4      | Noticed an ogre
  1592 | D:4      | Reached XP level 5. HP: 45/47 MP: 4/4
  1595 | D:4      | Reached skill level 5 in Shields
  1601 | D:4      | HP: 2/47 [ogre/+0 giant spiked club (10)]
  1602 | D:4      | Slain by an ogre

Skill      XL: |  1  2  3  4  5 |
---------------+----------------+-----
Armour         | 4 |  4.5
Fighting       | 4 |  4.4
Shields        | 4 5 |  5.0
Long Blades    | 3 |  3.6
Dodging        | 1 |  1.0
Stealth        | |  0.2

Action                   |  1- 3 |  4- 6 || total
-------------------------+-------+-------++-------
Melee: Long sword        |   119 |    48 ||   167
       Headbutt          |    11 |     7 ||    18
  Use: Potion            |       |     1 ||     1
  Eat: Chunk             |     1 |     1 ||     2
Armor: Scale mail        |    50 |       ||    50
       Plate armour      |    15 |    30 ||    45
Dodge: Dodged            |    33 |    13 ||    46
Block: Shield            |    63 |    34 ||    97
       Rpst.: Long sword |     7 |       ||     7
